 Dungeon Crawl Stone Soup version 0.31-a0-4-gefa6de2278 (webtiles) character file.

Game seed: 16044700973790413956

216891 GloriousHammer the Martial Artist (level 17, -5/150 HPs)
             Began as a Demigod Transmuter on May 2, 2023.
             Slain by a vault warden
             ... wielding a +1 battleaxe of electrocution
              (20 damage)
             ... on level 1 of the Vaults on May 3, 2023.
             The game lasted 03:25:54 (52299 turns).

GloriousHammer the Martial Artist (DgTm)           Turns: 52299, Time: 03:25:55

Health: -5/150     AC: 19    Str: 11    XL:     17   Next: 74%
Magic:  33/33      EV: 18    Int: 37    God:
Gold:   120        SH:  6    Dex: 14    Spells: 1/31 levels left

rFire   . .          .
                       - Unarmed
rCold   + + +        s - +1 buckler
rNeg    + + .        t - +4 skin of Zhor {*Englaciate rC+++ SInv}
rPois   .            i - +1 helmet
rElec   .            n - +1 cloak {rCorr}
rCorr   +            b - +2 pair of gloves
SInv    +            V - +1 pair of boots
Will    +....        (no amulet)
Stlth   +            C - ring of protection from cold
HPRegen 0.45/turn    Z - ring "Kaustakk" {Drain rN++ AC+4 Int+2 SInv}
MPRegen 0.23/turn

%: no passive effects
@: sluggish, marked, wereblooded, frozen, studying Staves, very slow
A: high MP 1, forlorn, divine attributes
}: 1/15 runes: serpentine
a: no special abilities


You were on level 1 of the Vaults.
You visited 7 branches of the dungeon, and saw 31 of its levels.
You visited 1 bazaar.
You also visited: Sewer, Ossuary, Ice Cave and Volcano.

You collected 2987 gold pieces.
You spent 2867 gold pieces at shops.

Inventory:

Hand Weapons
 c - a +5 antimagic dagger
Missiles
 U - 3 throwing nets
Armour
 b - a +2 pair of gloves (worn)
 i - a +1 helmet (worn)
 n - a +1 cloak of preservation (worn)
 s - a +1 buckler (worn)
 t - the +4 skin of Zhor (worn) {*Englaciate rC+++ SInv}
   (You found it on level 4 of the Lair of Beasts)

   *Englaciate: It radiates cold, occasionally slowing all nearby creatures who
   are not resistant to cold.
   rC:        It renders you almost immune to cold.
   SInv:      It lets you see invisible.
 V - a +1 pair of boots (worn)
Magical Staves
 a - a staff of earth
Jewellery
 f - a ring of protection from fire
 k - the ring "Evocyafa" {Wiz Int+3}
   (You bought it in a shop on level 5 of the Dungeon)

   [ring of wizardry]

   It improves your spell success rate.
   Int:       It affects your intelligence (+3).
 C - a ring of protection from cold (left hand)
 E - a +5 ring of evasion
 F - a ring of protection from fire
 R - a ring of resist corrosion
 W - a ring of willpower
 Z - the ring "Kaustakk" (right hand) {Drain rN++ AC+4 Int+2 SInv}
   (You acquired it on level 11 of the Dungeon)

   [ring of protection]

   AC:        It affects your AC (+4).
   Int:       It affects your intelligence (+2).
   rN:        It greatly protects you from negative energy.
   SInv:      It lets you see invisible.
   Drain:     It drains your maximum health when unequipped.
Wands
 j - a wand of mindburst (17)
 o - a wand of iceblast (12)
 w - a wand of polymorph (15)
 H - a wand of paralysis (7)
 N - a wand of acid (3)
 O - a wand of digging (4)
Scrolls
 d - 3 scrolls of fog
 e - 2 scrolls of magic mapping
 h - 2 scrolls of blinking
 l - 6 scrolls of immolation
 m - 9 scrolls of poison
 r - 2 scrolls of amnesia
 y - 2 scrolls of torment
 D - a scroll of silence
 G - 2 scrolls of vulnerability
 Q - 2 scrolls of teleportation
 X - 2 scrolls of fear
Potions
 g - 16 potions of curing
 p - 7 potions of flight
 q - 2 potions of invisibility
 u - 6 potions of ambrosia
 v - 6 potions of mutation
 x - 8 potions of haste
 z - 2 potions of brilliance
 A - 5 potions of resistance
 B - 6 potions of might
 I - a potion of cancellation
 K - a potion of heal wounds
 P - 4 potions of attraction
 T - 2 potions of magic
Miscellaneous
 J - a phantom mirror
 L - a condenser vane
 M - a phial of floods
 S - a box of beasts
 Y - a lightning rod (3/4)


   Skills:
 + Level 13.2 Fighting
 + Level 13.3 Dodging
 - Level 4.3 Shields
 + Level 14.5 Unarmed Combat
 - Level 7.6 Spellcasting
 - Level 3.0 Translocations
 - Level 13.0 Transmutations
 + Level 9.4 Ice Magic
 - Level 4.0 Air Magic
 - Level 7.1 Earth Magic
 - Level 2.4 Poison Magic
 - Level 8.0 Evocations


You had one spell level left.
You knew the following spells:

 Your Spells              Type           Power      Damage    Failure   Level
a - Statue Form           Tmut/Erth      48%        N/A       9%          6
b - Wereblood             Tmut           84%        N/A       1%          2
c - Leda's Liquefaction   Hex/Erth       20%        N/A       9%          4
d - Ozocubu's Refrigerat  Ice            35%        4d15      54%         7
e - Vhi's Electric Charg  Tloc/Air       80%        N/A       2%          3
f - Blink                 Tloc           72%        N/A       1%          2
g - Ozocubu's Armour      Ice            71%        N/A       1%          3
h - Swiftness             Air            43%        N/A       2%          3

Your spell library contained the following spells:

 Spells                   Type           Power      Damage    Failure   Level
 Beastly Appendage        Tmut           100%       N/A       1%          1
 Freeze                   Ice            100%       1d10      1%          1
 Sandblast                Erth           100%       2d20      1%          1
 Shock                    Conj/Air       100%       1d9       1%          1
 Kiss of Death            Conj/Necr      56%        2d9       3%          1
 Magic Dart               Conj           56%        1d5       3%          1
 Lesser Beckoning         Tloc           72%        N/A       1%          2
 Frozen Ramparts          Ice            100%       1d16      1%          3
 Hailstorm                Conj/Ice       49%        3d11      1%          3
 Spider Form              Tmut/Pois      63%        N/A       1%          3
 Ice Form                 Ice/Tmut       77%        N/A       1%          4
 Cigotuvi's Dreadful Rot  Necr/Pois/Air  58%        N/A       2%          2
 Momentum Strike          Conj/Tloc      50%        3d9       3%          2
 Gell's Gravitas          Tloc           36%        N/A       3%          3
 Teleport Other           Tloc           36%        N/A       3%          3
 Mephitic Cloud           Conj/Pois/Air  29%        N/A       4%          3
 Summon Ice Beast         Ice/Summ       49%        N/A       5%          4
 Lee's Rapid Deconstruct  Erth           30%        3d16*     5%          5
 Call Imp                 Summ           28%        N/A       6%          2
 Sublimation of Blood     Necr           14%        N/A       6%          2
 Volatile Blastmotes      Fire/Tloc      50%        2d14      6%          3
 Airstrike                Air            21%        2d(4-20)  8%          4
 Manifold Assault         Tloc           36%        N/A       11%         4
 Confusing Touch          Hex            14%        N/A       12%         3
 Summon Guardian Golem    Hex/Summ       14%        N/A       12%         3
 Iskenderun's Mystic Bla  Conj/Tloc      25%        2d7       21%         4
 Borgnjor's Vile Clutch   Necr/Erth      20%        N/A       24%         5
 Dispel Undead            Necr           14%        3d10      36%         4
 Fulminant Prism          Conj/Hex       7%         3d6       36%         4
 Arcjolt                  Conj/Air       14%        1d24      43%         5
 Simulacrum               Ice/Necr       24%        N/A       63%         6
 Iron Shot                Conj/Erth      20%        9d5       78%         6
 Dispersal                Tloc           18%        N/A       86%         6
 Death Channel            Necr           7%         N/A       99%         6
 Orb of Destruction       Conj           7%         9d6       100%        7
 Spellforged Servitor     Conj/Summ      7%         N/A       100%        7
 Summon Hydra             Summ           7%         N/A       100%        7
 Disjunction              Tloc           18%        N/A       100%        8
 Maxwell's Capacitive Co  Air            21%        ∞         100%        8
 Polar Vortex             Ice            35%        N/A       100%        9


Dungeon Overview and Level Annotations

Branches:
Dungeon (15/15)            Temple (1/1) D:6            Lair (5/5) D:8
 Shoals (3/4) Lair:3        Snake (4/4) Lair:3        Slime (0/5) Lair:5
    Orc (2/2) D:12            Elf (0/3) Orc:2        Vaults (1/5) D:14
 Depths (0/4) D:15          Sewer (visited)         Ossuary (visited)
  IceCv (visited)         Volcano (visited)

Shops:
D:1 :   D:5 =   Orc:2 *[(=   Shoals:2 ?   Shoals:3 (   Snake:1 [

Annotations:
D:4 exclusion: downstairs
D:8 exclusion: downstairs
D:13 1 transporter
Lair:5 2 transporters, 1 runed translucent door, Chudface's ghost, journeyman KoBr
Snake:2 exclusion: 2 downstairs
Snake:3 exclusion: downstairs


Innate Abilities, Weirdness & Mutations

You have an increased reservoir of magic. (+10% MP)
You shall have no god before yourself.
Your divine heritage dramatically boosts your attributes as you level up.


Message History

The thunderbolt hits the ironbound preserver!!
The ironbound preserver is lightly wounded.
You feel sluggish.
The vault warden hits you with a +0 battleaxe!
A deep troll comes into view.
The ironbound preserver gestures wildly while chanting.
The ironbound preserver is healed somewhat.
A yaktaur comes into view.
The vault warden hits you with a +0 battleaxe.
You beat the vault warden into a bloody pulp!!!
The vault warden is almost dead.
A yaktaur comes into view.
You punch the vault warden!
The vault warden is almost dead.
The vault warden completely misses you.
The ironbound preserver casts a spell.
The ironbound preserver is healed somewhat.
A yaktaur comes into view.
An ironbound preserver comes into view. It is wielding a +0 great mace.
You punch the vault warden!
You kill the vault warden!
The ironbound preserver completely misses you.
Your lightning rod (3/4) has regained one charge.
Casting: Vhi's Electric Charge (mildly dangerous; 2% risk of failure)
Confirm with . or Enter, or press ? or * to list all spells.
Your blood is infused with primal strength.
The ironbound preserver closely misses you.
A yaktaur comes into view.
A deep troll comes into view.
You hit the vault warden but do no damage.
The vault warden is moderately wounded.
The vault warden completely misses you.
You hit the vault warden but do no damage.
The vault warden is moderately wounded.
The vault warden hits you with a +1 battleaxe of electrocution!
You punch the vault warden!
The vault warden is heavily wounded.
A yaktaur comes into view.
You punch the vault warden!
The vault warden is heavily wounded.
Your transformation is almost over.
The deep troll bites you but does no damage.
The deep troll closely misses you.
The deep troll claws you but does no damage.
A lindwurm comes into view.
The vault warden hits you with a +1 battleaxe of electrocution!
You punch the vault warden!
The vault warden is severely wounded.
An ironbound frostheart comes into view.
It is wearing a +2 ring mail of poison resistance.
The ironbound preserver casts a spell.
The ironbound preserver begins to accept its allies' injuries.
The vault warden hits you with a +1 battleaxe of electrocution!!
The deep troll misses you. x2; You block the deep troll's attack.
You hit the vault warden.
The vault warden is severely wounded.
The runic seals fade away.
The deep troll closely misses you.
The deep troll claws you but does no damage. x2
The vault warden misses you.
The vault warden hits you with a +1 battleaxe of electrocution!!
The ironbound frostheart calls freezing cold from the walls.
The frost grips you but does no damage.
You are encased in ice.
You punch the vault warden!
The vault warden is severely wounded.
The ironbound preserver hits you with a +0 great mace of draining!!
* * * LOW HITPOINT WARNING * * *
The vault warden hits you with a +1 battleaxe of electrocution!!
* * * LOW HITPOINT WARNING * * *
The ironbound frostheart calls freezing cold from the walls.
The frost grips you but does no damage. You resist.
You punch the vault warden!
The vault warden is severely wounded.
The ice encasing you melts away.
The ironbound preserver hits you but does no damage.
The vault warden activates a sealing rune.
Unknown command.
You hit the vault warden but do no damage.
The vault warden is severely wounded.
The ironbound preserver barely misses you.
The vault warden hits you but does no damage.
Unknown command.
You hit the vault warden.
The vault warden is severely wounded.
The ironbound preserver casts a spell.
The ironbound preserver is healed somewhat.
You block the vault warden's attack.
The vault warden hits you but does no damage.
The ironbound preserver barely misses you.
The ironbound frostheart calls freezing cold from the walls.
The frost grips you! You resist.
* * * LOW HITPOINT WARNING * * *
You are encased in ice.
You revert to your normal fleshy form.
Your +2 pair of gloves unmelds from your body.
Your +1 pair of boots unmelds from your body.
The +4 skin of Zhor {*Englaciate rC+++ SInv} unmelds from your body.
The ironbound preserver gestures wildly while chanting.
The ironbound preserver begins to accept its allies' injuries.
The vault warden hits you with a +1 battleaxe of electrocution!!
You die...

#..####*,,,,,,,
#.....#,,~~,~~,
#########...∩.#,,~~~~~,
#.......#T.p..#,,~~~~~,
#.......#.....#,,,~⌠~,,
#.......#.....#,~~~~~~~
#.......#.pT..#,~~~~~~~
#.......#.kT..#,,~~~~~,
#.....@p#cTp..#*,,,,,,,
#.......pTTpc.#,,,,,,,,
###++######ccc..#********
###.....### #pccp....,,,,,,
*#.........###..######*****+
#...........##..#,*,*,,,*,*,
#...........##..#*,*,*,*,*,*
#...........##..#,*,*,*,*,*,
##.........##*..#*,*,***,*,*


You could see an ironbound preserver, a vault warden (sheltered), a yaktaur
captain (sheltered), a vault guard (sheltered), an ironbound frostheart
(sheltered), a centaur warrior (sheltered), 2 deep trolls and 4 yaktaurs.

Vanquished Creatures
  Vashnia (Snake:3)
  Nikola (Snake:3)
  Jorgrun (Snake:3)
  A sphinx (Vaults:1)
  Agnes (Snake:3)
  Gastronok (Lair:2)
  Kirke (Snake:3)
  Roxanne (Shoals:1)
  Ilsuiw (Shoals:2)
  The ghost of Huan the Covert, a journeyman NaFE of Ashenzari (Snake:1)
  5 nagarajas (Snake:4)
  A vault warden (Vaults:1)
  Aizul (Snake:3)
  An orc warlord (Orc:1)
  The ghost of Gesaczie the Severer, a journeyman MiFi of Ru (Lair:3)
  An ironbound thunderhulk (Vaults:1)
  2 elemental wellsprings (Shoals:3)
  3 merfolk javelineers
  A fire dragon (D:15)
  A rakshasa (D:14)
  4 vault guards (D:14)
  2 salamander tyrants (Snake:4)
  2 catoblepae (Lair:5)
  7 hydras
  Fannar (Lair:1)
  10 centaur warriors
  A merfolk aquamancer (Shoals:3)
  25 anacondas
  3 merfolk avatars
  18 naga warriors
  An ironbound frostheart (Vaults:1)
  7 two-headed ogres
  2 boulder beetles (D:14)
  2 orc high priests (Orc:2)
  22 naga sharpshooters
  3 shock serpents
  A tengu warrior (D:13)
  3 skysharks
  Amaemon (Lair:1)
  A fire crab (Volcano)
  2 sixfirhies (D:12)
  4 salamander mystics
  6 skeletal warriors
  9 sea snakes
  A flayed ghost (D:15)
  10 harpies
  6 naga ritualists
  2 lindwurms
  A necromancer (D:15)
  2 deep elf pyromancers
  A wizard (D:15)
  4 orc sorcerers
  11 mana vipers
  10 ugly things
  6 manticores
  6 orc knights
  7 cyclopes
  9 fauns
  12 salamanders
  8 elephants
  5 merfolk sirens
  7 guardian serpents
  2 frost giant skeletons (D:15)
  2 molten gargoyles (Volcano)
  7 water nymphs
  35 black mambas
  7 naga magi
  2 vault sentinels (Vaults:1)
  2 gargoyles
  An orange demon (Lair:1)
  8 cane toads
  2 unseen horrors
  3 ice statues
  3 torpor snails
  An efreet (D:14)
  10 komodo dragons
  2 tengu conjurers
  3 rime drakes
  2 freezing wraiths
  An ice devil (D:12)
  A red devil (D:12)
  A guardian mummy (D:15)
  21 merfolk
  A meliai (shapeshifter) (D:15)
  15 polar bears
  A hellwing (D:12)
  4 raiju (Lair:5)
  A hornet (D:5)
  8 trolls
  8 wind drakes
  12 blink frogs
  11 dream sheep
  A centaur simulacrum (D:14)
  11 slime creatures
  A shadow (D:12)
  5 snapping turtles
  2 ynoxinuls (D:12)
  Sigmund (D:4)
  11 water elementals
  4 wyverns
  A spriggan skeleton (D:15)
  6 fire bats (Volcano)
  4 hogs (Snake:3)
  A wraith (D:13)
  4 basilisks
  A spectral komodo dragon (Lair:3)
  2 death yak simulacra
  42 yaks
  5 humans (D:8)
  3 steam dragons
  12 vampire mosquitoes
  A chaos spawn (D:12)
  10 wargs
  31 nagas
  An acid dragon (D:12)
  Pargi (Sewer)
  15 hell hounds
  A hydra simulacrum (IceCv)
  10 water moccasins
  A spectral torpor snail (Lair:3)
  A glowing shapeshifter skeleton (D:15)
  7 ice beasts
  28 orc warriors
  11 black bears (Lair:5)
  A black mamba simulacrum (Lair:3)
  9 ogres
  13 wolves (Lair:5)
  2 centaurs (D:10)
  The ghost of Sleet the Sneak, an amateur SpEn (D:5)
  9 bullfrogs
  A cane toad simulacrum (IceCv)
  4 water moccasin zombies (Ossuary)
  6 scorpions
  3 wights (D:6)
  24 killer bees
  3 electric eels (D:15)
  3 howler monkeys (D:11)
  3 lava snakes (Volcano)
  2 fire crab simulacra (Lair:3)
  A quasit (D:12)
  2 gnoll boudas
  10 orc priests
  5 hounds
  A jelly (D:4)
  4 iguanas
  27 orc wizards
  2 mummies (Ossuary)
  12 adders
  12 gnolls
  A shadow imp (D:6)
  2 white imps
  4 ufetubi
  An adder zombie (Ossuary)
  5 worms
  2 dart slugs
  53 orcs
  15 ball pythons
  5 endoplasms
  3 giant cockroaches
  8 gnoll zombies (Ossuary)
  8 goblins
  9 hobgoblins
  3 jackals (D:1)
  4 quokkas
  14 bats
  4 frilled lizards
  6 hobgoblin zombies (Ossuary)
  11 kobolds
  6 kobold zombies (Ossuary)
  6 orc zombies (Ossuary)
  4 rats
  A butterfly (Lair:1)
1019 creatures vanquished.

Vanquished Creatures (collateral kills)
  Urug (Lair:2)
  A salamander (Snake:3)
  A merfolk siren (Shoals:3)
  A snapping turtle (Shoals:3)
4 creatures vanquished.

Vanquished Creatures (others)
  Asterion (Snake:4)
  A nagaraja (Snake:3)
  A naga sharpshooter (Snake:3)
  A sea snake (Shoals:3)
  An ugly thing (IceCv)
  A blink frog (Lair:5)
  3 humans (Snake:3)
  An orc wizard (D:4)
  5 demonic plants (D:12)
  31 fungi
  106 plants
  2 withered plants (D:15)
154 creatures vanquished.

Grand Total: 1177 creatures vanquished

Notes
Turn   | Place    | Note
-------+----------+-------------------------------------------
     0 | D:1      | GloriousHammer the Demigod Transmuter began the quest for
                  | the Orb.
     0 | D:1      | Reached XP level 1. HP: 15/15 MP: 5/5
    88 | D:1      | Reached skill level 3 in Unarmed Combat
   103 | D:1      | Reached XP level 2. HP: 6/22 MP: 5/7
   221 | D:1      | Learned a level 2 spell: Wereblood
   716 | D:1      | Reached XP level 3. HP: 24/27 MP: 6/8
   892 | D:1      | Found Asaiplolimm's Book Shop.
  1014 | D:2      | Learned a level 3 spell: Spider Form
  2232 | D:3      | Found a glowing drain.
  2245 | D:3      | Reached XP level 4. HP: 30/34 MP: 8/10
  2247 | Sewer    | Entered a sewer
  2433 | Sewer    | Noticed Pargi
  2455 | Sewer    | Killed Pargi
  2456 | Sewer    | Reached skill level 1 in Poison Magic
  2456 | Sewer    | Reached XP level 5. HP: 15/39 MP: 5/11
  2918 | D:3      | You fall into a shaft and drop 1 floor!
  2919 | D:4      | Noticed Sigmund
  3376 | D:4      | Reached skill level 4 in Unarmed Combat
  3696 | D:4      | Killed Sigmund
  3697 | D:4      | Reached XP level 6. HP: 28/46 MP: 10/13
  4251 | D:5      | Entered Level 5 of the Dungeon
  4285 | D:4      | Learned a level 4 spell: Ice Form
  4338 | D:5      | Found Haoddory's Jewellery Shoppe.
  4458 | D:5      | Reached XP level 7. HP: 51/51 MP: 11/15
  4479 | D:5      | Reached skill level 1 in Ice Magic
  4532 | D:5      | Noticed a hornet
  4543 | D:5      | Noticed Sleet's ghost (amateur SpEn)
  4617 | D:5      | Found a transporter.
  4617 | D:5      | Found a transporter.
  4692 | D:5      | Identified the +10 hand axe of Voxep {venom, rF+ Will-
                  | Int+4}
  4935 | D:5      | Reached skill level 5 in Unarmed Combat
  5096 | D:5      | Identified the +0 dagger of Mecsaw {protect, rPois}
  5254 | D:5      | Got Vehumet's Opusculum on Blows
  5408 | D:6      | Reached skill level 5 in Transmutations
  5584 | D:6      | Identified the +10 mace "Limettueg" {protect, rN+ SInv}
  5656 | D:6      | Noticed a yak
  5656 | D:6      | Noticed a yak
  5656 | D:6      | Noticed a yak
  5691 | D:6      | Killed a yak
  5692 | D:6      | Reached skill level 6 in Unarmed Combat
  5692 | D:6      | Reached XP level 8. HP: 39/58 MP: 11/16
  5840 | D:6      | Found a staircase to the Ecumenical Temple.
  5853 | Temple   | Entered the Ecumenical Temple
  6259 | D:6      | Reached skill level 7 in Unarmed Combat
  6968 | D:7      | Reached skill level 1 in Fighting
  6968 | D:7      | Reached XP level 9. HP: 64/64 MP: 12/17
  7023 | D:7      | Reached skill level 8 in Unarmed Combat
  7149 | D:7      | Found a sand-covered staircase.
  7163 | D:7      | HP: 2/67 [bullfrog (4)]
  7295 | Ossuary  | Entered an ossuary
  8406 | D:1      | Bought Ozocubu's Autobiography for 264 gold pieces
  8410 | D:1      | Learned a level 3 spell: Ozocubu's Armour
  9529 | D:8      | Reached skill level 5 in Ice Magic
  9736 | D:8      | Reached skill level 9 in Unarmed Combat
  9750 | D:8      | Noticed Maggie
  9751 | D:8      | Maggie changed into Maggie the ice beast
  9751 | D:8      | Noticed Maggie
  9763 | D:8      | Killed Maggie the ice beast
  9884 | D:8      | Reached XP level 10. HP: 77/77 MP: 14/19
  9900 | D:8      | Found a staircase to the Lair.
 10254 | D:9      | Noticed a two-headed ogre
 10264 | D:9      | Killed a two-headed ogre
 10295 | D:9      | Noticed a two-headed ogre
 10808 | D:9      | Killed a two-headed ogre
 10875 | D:9      | Reached skill level 10 in Unarmed Combat
 11532 | D:10     | Entered Level 10 of the Dungeon
 11678 | D:10     | Noticed a two-headed ogre
 11694 | D:10     | Killed a two-headed ogre
 11823 | D:10     | Reached skill level 5 in Spellcasting
 11823 | D:10     | Reached XP level 11. HP: 67/85 MP: 14/22
 11955 | D:10     | Reached skill level 5 in Dodging
 12320 | D:10     | Learned a level 2 spell: Blink
 12399 | Lair:1   | Entered Level 1 of the Lair of Beasts
 12489 | Lair:1   | Noticed Fannar
 12515 | Lair:1   | Killed Fannar
 12589 | Lair:1   | Noticed Amaemon
 12649 | Lair:1   | Killed Amaemon
 12650 | Lair:1   | Reached skill level 5 in Fighting
 12650 | Lair:1   | Reached skill level 1 in Translocations
 13282 | Lair:1   | Learned a level 3 spell: Hailstorm
 13669 | Lair:1   | Reached skill level 11 in Unarmed Combat
 13907 | Lair:2   | Noticed Urug
 13920 | Lair:2   | Killed Urug
 14517 | Lair:2   | Reached XP level 12. HP: 67/95 MP: 19/25
 14677 | Lair:2   | Noticed Gastronok
 14698 | Lair:2   | Killed Gastronok
 14772 | Lair:2   | Identified the +10 trident "Vuxor" {vamp, rPois}
 15241 | Lair:2   | Identified the ring of Ziycu {Str+4 Dex+6}
 15254 | Lair:2   | Learned a level 3 spell: Swiftness
 15376 | Lair:3   | Noticed a six-headed hydra
 15386 | Lair:3   | Killed a six-headed hydra
 15646 | Lair:3   | Reached skill level 1 in Air Magic
 15646 | Lair:3   | Reached skill level 1 in Evocations
 15681 | Lair:3   | Reached skill level 12 in Unarmed Combat
 16073 | Lair:3   | Found a staircase to the Snake Pit.
 16136 | Lair:3   | Found a runed translucent gate.
 16137 | Lair:3   | Found a runed translucent gate.
 16138 | Lair:3   | Found a runed translucent gate.
 16175 | Lair:3   | Found a staircase to the Shoals.
 16242 | Lair:3   | Noticed a five-headed hydra
 16252 | Lair:3   | Killed a five-headed hydra
 16472 | Lair:3   | Noticed Gesaczie's ghost (journeyman MiFi)
 16795 | Lair:4   | Found the +4 skin of Zhor {*Englaciate rC+++ SInv}
 17710 | Lair:5   | Entered Level 5 of the Lair of Beasts
 17851 | Lair:5   | Noticed an eight-headed hydra
 17866 | Lair:5   | Killed an eight-headed hydra
 17871 | Lair:5   | Reached XP level 13. HP: 78/105 MP: 27/27
 18623 | Lair:5   | Reached skill level 10 in Transmutations
 19333 | Lair:5   | Reached skill level 5 in Evocations
 19557 | Lair:5   | Found a transporter.
 19571 | Lair:5   | Noticed Chudface's ghost (journeyman KoBr)
 19617 | Lair:5   | Found a transporter.
 19630 | Lair:5   | Found a runed translucent door.
 19631 | Lair:5   | Noticed an acid blob
 20085 | Lair:5   | Found a staircase to the Slime Pits.
 20397 | D:11     | Found a frozen archway.
 20417 | IceCv    | Entered an ice cave
 20520 | IceCv    | Found a transporter.
 20526 | IceCv    | Found a transporter.
 20945 | IceCv    | Identified a scroll of acquirement
 20961 | D:11     | Acquired the ring "Kaustakk" {Drain rN++ AC+4 Int+2 SInv}
 22941 | D:12     | Reached XP level 14. HP: 116/116 MP: 25/28
 23665 | D:12     | Found a staircase to the Orcish Mines.
 24251 | D:5      | Killed Sleet's ghost
 24424 | D:1      | Bought a book of the Earth for 396 gold pieces
 24431 | D:1      | Learned a level 6 spell: Statue Form
 24436 | D:1      | Learned a level 4 spell: Leda's Liquefaction
 24589 | D:5      | Bought a ring of willpower for 250 gold pieces
 24761 | Orc:1    | Entered Level 1 of the Orcish Mines
 24848 | Orc:1    | Found a dark tunnel.
 24860 | Volcano  | Entered a volcano
 24973 | Volcano  | Reached skill level 1 in Earth Magic
 25684 | Orc:2    | Entered Level 2 of the Orcish Mines
 25684 | Orc:2    | Found a staircase to the Elven Halls.
 25689 | Orc:2    | Found Heyteab's Antique Armour Shop.
 25691 | Orc:2    | Noticed an orc warlord
 26032 | Orc:1    | Killed an orc warlord
 26822 | Orc:2    | Found Jecaugha's General Store.
 27515 | Orc:2    | Found Huvymez's Antique Weapon Emporium.
 27891 | Orc:2    | Found Nibroilem's Jewellery Emporium.
 27947 | Orc:2    | Bought a glowing helmet for 247 gold pieces
 28379 | D:5      | Bought the ring "Evocyafa" {Wiz Int+3} for 433 gold pieces
 28593 | D:13     | Found a transporter.
 28844 | D:13     | Found the +2 cloak of the Thief {*Fog Slay-2 SInv Stlth+}
 29953 | D:14     | Found a gate to the Vaults.
 29981 | D:14     | Reached skill level 10 in Dodging
 30000 | D:14     | Reached skill level 1 in Shields
 30042 | D:14     | Reached skill level 10 in Fighting
 30898 | D:14     | Reached XP level 15. HP: 126/126 MP: 30/30
 31553 | D:15     | Entered Level 15 of the Dungeon
 31742 | D:15     | Found a staircase to the Depths.
 33017 | Lair:3   | Killed Gesaczie's ghost
 33637 | Snake:1  | Entered Level 1 of the Snake Pit
 33879 | Snake:1  | Found Japtalatait's Armour Shoppe.
 34017 | Snake:1  | Reached skill level 5 in Earth Magic
 34172 | Snake:1  | Found a large runed translucent door.
 34176 | Snake:1  | Found a large runed translucent door.
 34178 | Snake:1  | Noticed Huan's ghost (journeyman NaFE)
 35069 | Snake:1  | Killed Huan's ghost
 35968 | Snake:2  | Identified the +1 flail of Duty {antimagic, rElec rPois
                  | Str-2 Int+6}
 37641 | Snake:3  | Noticed Jorgrun
 37656 | Snake:3  | Killed Jorgrun
 37887 | Snake:3  | Noticed a nagaraja
 37896 | Snake:3  | Noticed Nikola
 37899 | Snake:3  | Killed a nagaraja
 37909 | Snake:3  | Killed Nikola
 37916 | Snake:3  | Noticed Vashnia
 37951 | Snake:3  | Reached XP level 16. HP: 45/137 MP: 32/32
 38294 | Snake:3  | Noticed Kirke
 38301 | Snake:3  | Noticed a sphinx
 38307 | Snake:3  | Killed Kirke
 38855 | Snake:3  | Noticed Agnes
 39338 | Snake:3  | Noticed Aizul
 39354 | Snake:3  | Killed Agnes
 39376 | Snake:3  | Killed Aizul
 39781 | Snake:3  | Killed Vashnia
 40205 | Snake:3  | Identified the +0 leather armour of Kindness {rF+ rC- Str+6
                  | Dex+2}
 40462 | Snake:4  | Entered Level 4 of the Snake Pit
 40481 | Snake:4  | Reached skill level 13 in Unarmed Combat
 41237 | Snake:4  | Noticed Asterion
 41259 | Snake:4  | Killed Asterion
 42204 | Snake:4  | Learned a level 7 spell: Ozocubu's Refrigeration
 44625 | Snake:4  | HP: 9/180 [constriction (2)]
 45568 | Snake:4  | Reached XP level 17. HP: 146/146 MP: 28/33
 45705 | Snake:4  | Got a serpentine rune of Zot
 45726 | Snake:4  | Snake was utterly bonkers. Used almost all heal wounds and
                  | tele
 45732 | Snake:4  | Upgraded the game from 0.31-a0-1-g4198be8af4 to
                  | 0.31-a0-4-gefa6de2278
 46063 | D:1      | Bought Maxwell's Memoranda for 418 gold pieces
 46067 | D:1      | Learned a level 3 spell: Vhi's Electric Charge
 46326 | Shoals:1 | Entered Level 1 of the Shoals
 46369 | Shoals:1 | Identified Roxanne's Tome of Lithomancy
 46369 | Shoals:1 | Noticed Roxanne
 47334 | Shoals:1 | Killed Roxanne
 47546 | Shoals:2 | Noticed Ilsuiw
 47596 | Shoals:2 | Reached skill level 14 in Unarmed Combat
 48058 | Shoals:2 | Killed Ilsuiw
 48254 | Shoals:2 | Found Qoutzirr's Magic Scroll Boutique.
 49801 | Shoals:3 | Found Gafydo's Weapon Shoppe.
 50154 | Shoals:2 | Bought a scroll of magic mapping for 127 gold pieces
 50154 | Shoals:2 | Bought a scroll of blinking for 127 gold pieces
 50154 | Shoals:2 | Bought a scroll of fear for 68 gold pieces
 50207 | Shoals:3 | HP: 9/193 [merfolk javelineer/javelin (10)]
 51269 | Shoals:3 | HP: 5/193 [elemental wellspring/torrent of water (14)]
 52091 | Vaults:1 | Entered Level 1 of the Vaults
 52192 | Vaults:1 | Found a flickering gateway to a bazaar.
 52202 | Bazaar   | Entered a bazaar
 52202 | Bazaar   | Found Jaireuf's Distillery.
 52202 | Bazaar   | Found Mekh's Weapon Shoppe.
 52202 | Bazaar   | Found Jayrchoo's Assorted Antiques.
 52204 | Bazaar   | Found Veohoh's Magic Scroll Emporium.
 52226 | Bazaar   | Bought a scroll of teleportation for 57 gold pieces
 52226 | Bazaar   | Bought a scroll of fear for 76 gold pieces
 52226 | Bazaar   | Bought a scroll of fear for 76 gold pieces
 52226 | Bazaar   | Bought a scroll of blinking for 142 gold pieces
 52232 | Bazaar   | Bought a potion of heal wounds for 45 gold pieces
 52232 | Bazaar   | Bought a potion of mutation for 72 gold pieces
 52235 | Bazaar   | Bought a scroll of teleportation for 69 gold pieces
 52299 | Vaults:1 | Slain by a vault warden

Illustrated notes

##'#..........#
#.......###.### #.......#
#.# #...!...# #.#
##.########.#
............#
##.########## ....#
########### ##..#
###......8..###
##..####.............###
##..##...⌠.......⌠.....##
##..#........⌠..........#
#####...............#...##
##.#....8.8.8.8.8.8.##...#
#....................##.)#
#.....⌠...............#..#
#....................##..#


Turn 45726 on Snake:4: Snake was utterly bonkers. Used almost all heal wounds
and tele

Levels and vault maps discovered:
D:1:      dpeg_arrival_court, layout_loops_ring, serial_shops,
          nicolae_shop_back_alley_shop, minmay_tree_intersection
D:2:      layout_loops_cross
D:3:      layout_basic, lemuel_crystal_altar, gammafunk_temple_overflow_pools,
          cheibrodos_sewer_entry_bend, nicolae_half_adder
D:4:      minmay_door_path, layout_basic,
          chequers_temple_overflow_statue_of_worship, kennysheep_generic_room_2,
          uniq_sigmund
D:5:      layout_basic, grunt_temple_overflow_magic_moments,
          mainiacjoe_overflow_catwalk, serial_shops, shop, gammafunk_ghost_hive,
          skrybe_limestone_x, dk_noncrumbling_2
D:6:      layout_basic, dreamdust_divine_triumvirate, okawaru_ov_weapons_minmay,
          minmay_temple_entry_slanted
D:7:      layout_loops_ring, mainiacjoe_overflow_alcove_1,
          nicolae_ossuary_entry_ruins
D:8:      layout_basic, kennysheep_mini_moat, grunt_lair_entry_orc_guard_hut,
          minmay_ruffians, uniq_maggie
D:9:      layout_loops_cross
D:10:     layout_roguey
D:11:     layout_basic, portal_ice_cave_entry_pillars_2
D:12:     layout_loops_ring, david_orc_4, serial_demonic, serial_demonic_e,
          serial_demonic_g, serial_demonic_b, serial_demonic_d
D:13:     gammafunk_sealed_library, layout_loops_ring,
          dreamdust_deal_with_the_devil
D:14:     layout_loops_cross, lightli_vaults_fourway_checkpoint,
          lemuel_coloured_pillars_altar, nicolae_vehumet_radiance
D:15:     gammafunk_depths_entry_grave, layout_loops_ring, serial_bayou,
          serial_bayou_lake_a, serial_bayou_pond_a, serial_bayou_pond_d,
          serial_bayou_pond_d, serial_bayou_ford_a
Temple:   hellmonk_temple_of_storms
Lair:1:   layout_gridlike, lemuel_fruit_fields, uniq_amaemon, uniq_fannar
Lair:2:   layout_misc_corridors, ice2_lemuel, uniq_gastronok, uniq_urug
Lair:3:   layout_roguey, minmay_shoals_entry_hut,
          minmay_snake_entry_guardpost_small, gammafunk_ghost_necromancy,
          lemuel_fruit_tree
Lair:4:   layout_long_grid, hellmonk_guarded_unrand_zhor
Lair:5:   wormcave, layout_misc_corridors, hangedman_lair_caniforms_friends,
          slime_entry_2, basic_altar, gammafunk_ghost_wrathful_warriors,
          st_stairs_10
Shoals:1: layout_shoals, uniq_roxanne
Shoals:2: layout_shoals, nicolae_take_the_stairs,
          nicolae_shoals_nymph_descending_staircase, uniq_ilsuiw
Shoals:3: layout_shoals, serial_shops, nicolae_shop_rolling_square,
          nicolae_shoals_lost_giant_pillars, nicolae_shoals_spring_well_temple
Snake:1:  layout_misc_corridors, ebering_ghost_disaster_area, minmay_shop_star
Snake:2:  minmay_snake_river, layout_gridlike
Snake:3:  layout_cave_town, minmay_snake_pond, uniq_aizul, uniq_kirke,
          uniq_jorgrun, uniq_vashnia, uniq_agnes, uniq_nikola
Snake:4:  grunt_snake_rune_serpentine_throne, layout_basic, uniq_asterion
Orc:1:    layout_caves, lightli_volcano_entry_magma_tube, mines4_lemuel
Orc:2:    grunt_orc_gardens, layout_caves, grunt_orc_garden, grunt_orc_garden,
          grunt_orc_garden, grunt_orc_garden, basic_altar
Vaults:1: ebering_ghost_reflecting_pool, v_pattern_4, ontoclasm_vaults_idyll,
          ontoclasm_vaults_gateway, vaults_mumra_chevron_long,
          nicolae_vaults_trapezoid_lopsided_3, grunt_vaults_trifunnel,
          vaults_room_grid, nicolae_vaults_mitosis,
          nicolae_vaults_tetromino_L_1, layout_vaults_big_room, enter_trove_6,
          serial_shops, bzr_entry_dummy

Skill      XL: |  1  2  3  4  5  6  7  8  9 10 11 12 13 14 15 16 17 |
---------------+----------------------------------------------------+-----
Unarmed Combat | 3 4 6 7 9 10 11 12 13 14 | 14.5
Transmutations | 2 3 4 5 6 7 8 9 10 11 12 13 | 13.0
Spellcasting   | 2 3 5 6 7 |  7.6
Poison Magic   | 1 2 |  2.4
Ice Magic      | 2 4 5 6 8 9 |  9.4
Fighting       | 1 3 4 5 7 8 10 11 12 13 | 13.2
Dodging        | 3 4 6 7 9 10 11 12 13 | 13.3
Translocations | 3 |  3.0
Air Magic      | 3 4 |  4.0
Evocations     | 3 6 7 8 |  8.0
Earth Magic    | 4 6 7 |  7.1
Shields        | 2 4 |  4.3

Action                     |  1- 3 |  4- 6 |  7- 9 | 10-12 | 13-15 | 16-18 || total
---------------------------+-------+-------+-------+-------+-------+-------++-------
  Melee: Unarmed           |   153 |   161 |   415 |   586 |  1605 |  1210 ||  4130
         Kick              |    23 |    17 |       |       |       |       ||    40
         Headbutt          |    17 |     9 |     1 |       |       |       ||    27
         Punch             |     1 |     1 |       |       |     6 |       ||     8
         Staff             |       |       |       |       |       |    20 ||    20
   Fire: Shortbow          |       |    29 |     9 |    61 |    55 |       ||   154
   Cast: Beastly Appendage |    29 |    15 |     1 |       |       |       ||    45
         Spider Form       |     1 |     9 |    32 |     8 |       |       ||    50
         Wereblood         |       |     2 |    17 |    23 |    69 |    36 ||   147
         Ice Form          |       |       |    11 |    43 |    47 |       ||   101
         Ozocubu's Armour  |       |       |     1 |    29 |    37 |       ||    67
         Hailstorm         |       |       |       |    10 |     7 |       ||    17
         Swiftness         |       |       |       |       |     4 |     5 ||     9
         Statue Form       |       |       |       |       |    67 |    96 ||   163
         Leda's Liquefacti |       |       |       |       |     4 |     2 ||     6
         Blink             |       |       |       |       |     1 |     6 ||     7
         Vhi's Electric Ch |       |       |       |       |       |    20 ||    20
  Evoke: Wand              |       |       |     6 |    12 |     5 |     9 ||    32
         Phantom mirror    |       |       |       |     2 |     2 |     1 ||     5
         Lightning rod     |       |       |       |       |     5 |    11 ||    16
         Condenser vane    |       |       |       |       |     1 |     2 ||     3
         Box of beasts     |       |       |       |       |     1 |       ||     1
         Phial of floods   |       |       |       |       |       |     1 ||     1
    Use: Potion            |     1 |       |       |       |    10 |    15 ||    26
         Scroll            |       |       |    13 |     9 |    25 |    19 ||    66
   Stab: Sleeping          |     2 |       |       |     1 |     1 |       ||     4
         Paralysed         |       |       |     3 |     4 |       |       ||     7
         Petrified         |       |       |       |       |     6 |       ||     6
         Petrifying        |       |       |       |       |     1 |       ||     1
         Distracted        |       |       |       |       |       |     1 ||     1
 Armour: Robe              |    19 |    36 |       |       |       |       ||    55
         Skin              |     4 |     9 |    57 |   163 |  1042 |  1099 ||  2374
         Troll leather arm |       |       |       |     2 |       |       ||     2
         Animal skin       |       |       |       |       |    13 |    10 ||    23
  Dodge: Dodged            |   104 |   169 |   282 |   524 |  1533 |  1502 ||  4114
  Block: Buckler           |       |       |       |       |   184 |   583 ||   767

Table legend: (Time is in decaauts)
 A = Elapsed time spent in this place.
 B = Non-inter-level travel time spent in this place.
 C = Inter-level travel time spent in this place.
 D = Time resting spent in this place.
 E = Time spent auto-exploring this place.
 F = Levels seen in this place.
 G = Mean time per level.
                   A        B        C        D        E       F      G
               +--------+--------+--------+--------+--------+-----+--------+
         Total |  56066 |  51521 |   4545 |  16748 |  20264 |  36 | 1557.4 |
       Dungeon |  21925 |  18680 |   3245 |   4338 |  10052 |  15 | 1461.7 |
        Temple |     47 |     40 |      7 |      0 |     35 |   1 |   47.0 |
          Lair |   8893 |   8162 |    731 |   2361 |   3870 |   5 | 1778.6 |
        Shoals |   6832 |   6686 |    146 |   2742 |   1473 |   3 | 2277.3 |
     Snake Pit |  13463 |  13112 |    351 |   4977 |   3946 |   4 | 3365.8 |
  Orcish Mines |   2859 |   2795 |     64 |   1303 |    805 |   2 | 1429.5 |
        Vaults |    193 |    193 |      0 |      6 |     81 |   1 |  193.0 |
        Bazaar |     50 |     50 |      0 |      0 |      0 |   1 |   50.0 |
         Sewer |    451 |    451 |      0 |    329 |      0 |   1 |  451.0 |
       Ossuary |    442 |    442 |      0 |    274 |      0 |   1 |  442.0 |
      Ice Cave |    531 |    531 |      0 |    417 |      0 |   1 |  531.0 |
       Volcano |    376 |    376 |      0 |      0 |      0 |   1 |  376.0 |
               +--------+--------+--------+--------+--------+-----+--------+

Top non-repeatable levels by time:
 Snake:4: 4536 daAuts
 Snake:3: 3866 daAuts
Shoals:2: 3773 daAuts
 Snake:2: 3140 daAuts
  Lair:5: 2365 daAuts
    D:14: 2296 daAuts
  Lair:3: 2054 daAuts
 Snake:1: 1919 daAuts
    D:12: 1871 daAuts
   Orc:1: 1791 daAuts
Shoals:3: 1626 daAuts
     D:5: 1582 daAuts
     D:6: 1567 daAuts
  Lair:4: 1547 daAuts
  Lair:2: 1526 daAuts
